Map: Orbital Shipyard

Players

Raze - Winner!

  • Race: Terran Terran
  • League: Master

Jamileon

  • Race: Protoss Protoss
  • League: Grandmaster

VOD

Have the link to the VOD?

Description

Time

  • Played on: Nov. 28, 2015, 3:54 p.m.
  • Length: 8:28
Show
View Real Time Build Order
Export as new Build Order

Raze Terran - Winner!

Build Orders: Reaper Expand, MMM Bio 

Get SALT Encoding   

  12  0:01  SCV  
  13  0:13  SCV  
  14  0:18  Supply Depot  
  14  0:25  SCV  
  15  0:39  SCV  
  15  0:41  Barracks  
  16  0:45  Refinery  
  16  0:51  SCV  
  17  1:03  SCV  
  18  1:15  SCV  
  19  1:29  Reaper, Orbital Command  
  20  1:40  Command Center  
  20  1:50  Supply Depot  
  20  1:55  SCV  
  21  2:03  Barracks Reactor  
  21  2:07  SCV  
  22  2:19  SCV  
  23  2:23  Factory  
  23  2:40  Marine x2  
  23  2:41  SCV  
  26  2:47  Command Center  
  26  2:57  SCV, Orbital Command  
  27  3:00  Marine x2  
  29  3:07  Factory Tech Lab  
  29  3:10  Refinery  
  29  3:11  SCV  
  29  3:12  Barracks  
  30  3:18  Marine x2  
  32  3:23  SCV  
  32  3:24  SCV  
  33  3:30  Cyclone  
  36  3:35  SCV  
  36  3:36  SCV, Marine x2  
  40  3:42  Supply Depot  
  40  3:48  SCV, Engineering Bay  
  41  3:49  SCV  
  42  3:59  Orbital Command  
  42  4:00  SCV  
  42  4:01  SCV  
  44  4:12  SCV, Barracks  
  44  4:13  SCV  
  44  4:14  Stimpack  
  44  4:15  Marine  
  44  4:16  Marine  
  48  4:18  Marine  
  48  4:22  Factory Tech Lab  
  50  4:24  SCV  
  50  4:25  Terran Infantry Weapons Level 1  
  50  4:26  SCV  
  50  4:28  SCV  
  52  4:36  SCV, Refinery  
  52  4:37  Marine x2  
  55  4:38  SCV  
  55  4:40  SCV  
  55  4:44  Missile Turret  
  57  4:48  SCV  
  57  4:49  Missile Turret  
  57  4:50  Marauder  
  57  4:51  SCV  
  61  4:54  Starport  
  61  4:56  SCV  
  61  4:59  Factory Reactor  
  62  5:00  SCV  
  62  5:02  Missile Turret  
  62  5:03  SCV  
  62  5:06  Combat Shields  
  64  5:08  SCV, Marauder  
  64  5:09  Marine  
  64  5:12  Refinery  
  68  5:15  SCV, Supply Depot  
  68  5:19  Orbital Command  
  69  5:22  Supply Depot  
  69  5:32  SCV x2, Marine  
  69  5:33  Marauder  
  74  5:38  Marauder, Marine  
  77  5:43  Missile Turret  
  77  5:44  SCV  
  78  5:50  SCV, Medivac x2, Marine  
  78  5:51  SCV  
  78  5:54  Marauder  
  87  6:00  SCV, Barracks, Supply Depot  
  87  6:03  SCV, Barracks  
  89  6:04  Factory Reactor  
  89  6:05  Marauder, Marine  
  89  6:07  SCV  
  93  6:11  Liberator  
  93  6:17  Supply Depot  
  93  6:19  Terran Infantry Armor Level 1, Liberator  
  93  6:21  Bunker  
  93  6:22  SCV x3  
  96  6:31  Refinery  
  99  6:33  Supply Depot, Refinery  
  99  6:36  SCV  
  99  6:37  SCV  
  99  6:39  Marine  
  107  6:40  Marauder x2  
  107  6:42  Concussive Shells  
  107  6:43  Marine  
  107  6:45  SCV  
  110  6:48  SCV  
  111  7:14  Widow Mine x2  
  108  7:20  Marauder x2, Marine x2  
  100  7:26  Marine x2  
  100  7:29  Medivac x2  
  96  7:31  SCV  
  96  7:32  SCV x2  
  91  7:37  Missile Turret, Marine  
  91  7:38  Missile Turret, Marine  
  91  7:39  Barracks  
  91  7:40  Barracks  
  91  7:41  Armory, Engineering Bay, Barracks, Marauder x2  
  91  7:44  Marine x2  
  96  7:47  Widow Mine  
  96  7:48  Widow Mine  
  97  7:55  Marine x2  
  99  8:01  Marine x2  
  99  8:03  Marauder x2  
Show
View Real Time Build Order
Export as new Build Order

Jamileon Protoss 

Build Orders: 1 Gate Expand, Oracle Opening 

Get SALT Encoding   

  12  0:01  Probe (Chrono Boost)  
  13  0:11  Probe (Chrono Boost)  
  14  0:18  Pylon  
  14  0:22  Probe (Chrono Boost)  
  15  0:37  Probe (Chrono Boost)  
  15  0:40  Gateway  
  16  0:47  Probe (Chrono Boost)  
  16  0:49  Assimilator  
  17  0:58  Probe (Chrono Boost)  
  18  1:08  Probe (Chrono Boost)  
  19  1:19  Probe (Chrono Boost)  
  19  1:24  Nexus  
  20  1:32  Cybernetics Core  
  20  1:35  Probe (Chrono Boost)  
  20  1:39  Assimilator  
  21  1:45  Probe (Chrono Boost)  
  22  1:50  Pylon  
  22  1:56  Probe (Chrono Boost)  
  24  2:08  Probe (Chrono Boost)  
  24  2:09  Adept (Chrono Boost)  
  24  2:10  Warp Gate  
  27  2:28  Mothership Core (Chrono Boost)  
  26  2:38  Probe (Chrono Boost)  
  26  2:41  Adept  
  29  2:46  Probe (Chrono Boost)  
  29  2:50  Probe (Chrono Boost)  
  31  2:53  Stargate  
  31  2:57  Probe (Chrono Boost)  
  32  3:01  Probe (Chrono Boost)  
  33  3:07  Probe (Chrono Boost)  
  33  3:11  Probe (Chrono Boost), Adept  
  37  3:21  Probe (Chrono Boost)  
  37  3:22  Probe (Chrono Boost)  
  39  3:29  Pylon  
  39  3:31  Probe (Chrono Boost)  
  39  3:32  Probe (Chrono Boost)  
  41  3:36  Pylon  
  41  3:37  Oracle (Chrono Boost)  
  41  3:40  Assimilator  
  41  3:41  Probe  
  44  3:43  Probe  
  44  3:44  Assimilator  
  44  3:47  Sentry  
  48  3:51  Probe  
  48  3:55  Probe  
  50  4:02  Probe  
  50  4:07  Probe  
  52  4:11  Phoenix (Chrono Boost)  
  52  4:13  Probe  
  55  4:17  Twilight Council  
  55  4:19  Probe  
  55  4:23  Probe, Robotics Facility  
  56  4:30  Pylon  
  58  4:31  Probe  
  58  4:33  Phoenix (Chrono Boost)  
  58  4:34  Probe  
  61  4:43  Probe  
  62  4:46  Pylon  
  62  4:52  Phoenix (Chrono Boost)  
  62  4:59  Resonating Glaives (Chrono Boost)  
  64  5:04  Gateway  
  64  5:07  Gateway x2  
  64  5:11  Observer  
  64  5:13  Phoenix  
  67  5:25  Gateway  
  67  5:26  Gateway  
  67  5:32  Warp Prism  
  67  5:34  Phoenix  
  69  5:41  Pylon  
  71  5:43  Adept  
  71  5:48  Probe, Pylon  
  74  5:56  Phoenix  
  74  6:03  Pylon  
  76  6:05  Pylon  
  76  6:06  Gateway  
  76  6:07  Gateway  
  76  6:18  Adept x4  
  76  6:21  Phoenix  
  86  6:48  Adept  
  86  6:49  Adept x5  
  86  6:52  Pylon  
  86  6:53  Pylon  
  94  7:02  Warp Prism  
  77  7:24  Adept x4  
  77  7:25  Adept x4  
  79  7:53  Nexus  
  79  7:56  Pylon  
  79  8:01  Templar Archives  
  78  8:07  Adept x2  
  78  8:08  Adept x6  
Tags
 
Add a new tag
Caveats
  • Supply blocks, unpowered buildings, or Contaminate may cause inaccurate times.
  • Supply counts are checked every 10 seconds.